 Dungeon Crawl Stone Soup version 0.31.0-12-g77e489cdc1 (webtiles) character file.

Game seed: 15625812330860093689

1194 Gadfly the Sneak (level 8, -3/40 HPs)
             Began as a Spriggan Enchanter on Feb 18, 2024.
             Killed by divine providence
             ... invoked by an orc priest
              (14 damage)
             ... on level 5 of the Dungeon.
             The game lasted 00:09:22 (5200 turns).

Gadfly the Sneak (Spriggan Enchanter)               Turns: 5200, Time: 00:09:22

Health: -3/40      AC:  4    Str:  4    XL:     8   Next: 20%
Magic:  9/25       EV: 20    Int: 16    God:
Gold:   205        SH:  0    Dex: 18    Spells: 6/17 levels left

rFire   x . .        a - +4 dagger (freeze)
rCold   + . .        (no shield)
rNeg    . . .        g - +0 robe
rPois   .            (helmet restricted)
rElec   .            j - +1 cloak
rCorr   .            (gloves unavailable)
SInv    +            (boots unavailable)
Will    +....        (no amulet)
Stlth   ++++         h - ring of ice
HPRegen 0.26/turn    q - ring of magical power
MPRegen 0.19/turn

%: no passive effects
@: very slightly contaminated, very quick
A: very small, no large weapons, unfitting armour, see invisible, speed 3
a: no special abilities


You were on level 5 of the Dungeon.
You visited 1 branch of the dungeon, and saw 5 of its levels.

You collected 241 gold pieces.
You spent 36 gold pieces at shops.

Inventory:

Hand Weapons
 a - a +4 dagger of freezing (weapon)
 b - a +2 rapier of chaos
 i - a +1 dagger
Armour
 g - a +0 robe (worn)
 j - a +1 cloak (worn)
Jewellery
 h - a ring of ice (left hand)
 n - a ring of resist corrosion
 q - a ring of magical power (right hand)
Wands
 s - a wand of paralysis (9)
Scrolls
 d - 4 scrolls of teleportation
 r - 2 scrolls of blinking
Potions
 c - 2 potions of invisibility
 e - a potion of magic
 f - a potion of haste
 k - 4 potions of enlightenment
 l - 2 potions of curing
 m - a potion of cancellation {unknown}
 o - a potion of lignification {unknown}
 p - a potion of ambrosia


   Skills:
 + Level 3.0 Fighting
 + Level 4.1 Short Blades
 + Level 5.5 Dodging
 + Level 7.2 Stealth
 + Level 5.0 Spellcasting
 + Level 5.6 Hexes
 + Level 4.4 Evocations


You had 6 spell levels left.
You knew the following spells:

 Your Spells              Type           Power      Damage    Failure   Level
a - Ensorcelled Hibernat  Hex/Ice        38%        N/A       8%          2
b - Confusing Touch       Hex            21%        N/A       4%          3
c - Blink                 Tloc           8%         N/A       22%         2
d - Cause Fear            Hex            10%        N/A       16%         4

Your spell library contained the following spells:

 Spells                   Type           Power      Damage    Failure   Level
 Tukima's Dance           Hex            21%        N/A       4%          3
 Dazzling Flash           Conj/Hex       24%        N/A       14%         3
 Necrotise                Necr           16%        1d4       16%         1
 Lesser Beckoning         Tloc           8%         N/A       22%         2
 Momentum Strike          Conj/Tloc      8%         3d8       22%         2
 Gell's Gravitas          Tloc           4%         N/A       41%         3
 Teleport Other           Tloc           4%         N/A       41%         3
 Fireball                 Conj/Fire      2%         3d4       99%         5
 Dragon's Call            Summ           2%         N/A       100%        9


Dungeon Overview and Level Annotations

Branches:
Dungeon (5/15)
 Temple: D:4-7

Altars:
Kikubaaqudgha
Okawaru
Sif Muna
Vehumet
Xom

Shops:
D:2 !


Innate Abilities, Weirdness & Mutations

You are very small and have problems with some larger weapons.
You are too small for most types of armour.
You have supernaturally acute eyesight. (SInv)
You cover ground extremely quickly. (Speed+++)


Message History

You kill the orc!
The orc hits you from afar with a +0 trident.
You feel a surge of power!
You miscast Ensorcelled Hibernation.
You are very lightly contaminated with residual magic.
Nothing appears to happen.
The orc priest misses you. The orc misses you.
You feel a surge of power!
The orc priest resists with significant effort.
The orc hits you but does no damage.
The orc priest invokes the aid of Beogh against you.
Beogh smites you!
You are too injured to fight recklessly!
Casting: Ensorcelled Hibernation (safe; 8% risk of failure)
Confirm with . or Enter, or press ? or * to list all spells.
Aiming: Ensorcelled Hibernation (safe; 8% risk of failure)
Press: ? - help, Shift-Dir - straight line, f/p - orc priest
Aim: an orc priest, wielding a +0 whip and wearing a +0 scale mail (chance to affect: 51%)
You feel a surge of power!
The orc priest resists with significant effort.
The orc priest misses you.
The orc hits you from afar with a +0 trident.
Casting: Ensorcelled Hibernation (safe; 8% risk of failure)
Confirm with . or Enter, or press ? or * to list all spells.
Aiming: Ensorcelled Hibernation (safe; 8% risk of failure)
Press: ? - help, Shift-Dir - straight line, f/p - orc priest
Aim: an orc priest, wielding a +0 whip and wearing a +0 scale mail (chance to affect: 51%)
You feel a surge of power!
You miscast Ensorcelled Hibernation.
Nothing appears to happen.
The orc priest hits you with a +0 whip.
* * * LOW HITPOINT WARNING * * *
The orc completely misses you.
Casting: Ensorcelled Hibernation (safe; 8% risk of failure)
Confirm with . or Enter, or press ? or * to list all spells.
Aiming: Ensorcelled Hibernation (safe; 8% risk of failure)
Press: ? - help, Shift-Dir - straight line, f/p - orc priest
Aim: an orc priest, wielding a +0 whip and wearing a +0 scale mail (chance to affect: 51%)
You feel a surge of power!
The orc priest resists with significant effort.
The orc closely misses you.
The orc priest mumbles some strange prayers to Beogh against you.
Beogh smites you!
You die... # #. #. #)### ...# ol#

#o# #@# #. #.#
#.. #)#
#..####.#
#......)###.###
#.##...........
##.##..#.###.##.
................
#..##..#.##..###


You could see an iguana, an orc priest and an orc.

Vanquished Creatures
  Sigmund (D:3)
  Menkaure (D:4)
  Duvessa (D:4)
  2 ogres (D:4)
  A scorpion (D:4)
  Dowan (D:4)
  A bombardier beetle (D:4)
  A hound (D:4)
  A jelly (D:4)
  Crazy Yiuf (D:3)
  A cerulean imp (D:5)
  3 orc priests
  2 iguanas
  2 orc wizards
  3 gnolls (D:4)
  4 adders
  A white imp (D:5)
  An ufetubus (D:5)
  3 dart slugs
  A ribbon worm (D:2)
  20 orcs
  9 ball pythons
  6 bats
  3 endoplasms
  3 giant cockroaches
  5 goblins
  10 hobgoblins
  2 jackals (D:4)
  5 quokkas
  4 frilled lizards
  11 kobolds
  8 rats
118 creatures vanquished.

Notes
Turn   | Place    | Note
-------+----------+-------------------------------------------
     0 | D:1      | Gadfly the Spriggan Enchanter began the quest for the Orb.
     0 | D:1      | Reached XP level 1. HP: 9/9 MP: 5/5
   201 | D:1      | Reached XP level 2. HP: 13/13 MP: 6/6
   204 | D:1      | Learned a level 2 spell: Ensorcelled Hibernation
   433 | D:1      | Found a faded altar of an unknown god.
   713 | D:2      | Found Fuqoofeo's Distillery.
   718 | D:2      | Reached skill level 1 in Evocations
   752 | D:2      | Bought a potion of curing for 36 gold pieces
   828 | D:2      | Reached XP level 3. HP: 17/17 MP: 5/8
   878 | D:2      | Learned a level 3 spell: Confusing Touch
   881 | D:2      | Learned a level 2 spell: Blink
   907 | D:2      | Found an iron altar of Okawaru.
  1009 | D:2      | Reached skill level 1 in Fighting
  1561 | D:3      | Reached skill level 5 in Stealth
  1561 | D:3      | Reached XP level 4. HP: 8/22 MP: 0/9
  2015 | D:3      | Identified the +0 leather armour of Qeuron {rPois}
  2240 | D:3      | Noticed Sigmund
  2258 | D:3      | Killed Sigmund
  2259 | D:3      | Reached XP level 5. HP: 8/26 MP: 5/11
  2259 | D:3      | Reached XP level 6. HP: 10/30 MP: 5/12
  2332 | D:3      | Gained mutation: You are frail. (-10% HP) [potion of
                  | mutation]
  2332 | D:3      | Lost mutation: You are frail. (-10% HP) [potion of
                  | mutation]
  2399 | D:3      | Found a runed translucent door.
  2400 | D:3      | Noticed Crazy Yiuf
  2579 | D:3      | Found a large runed translucent door.
  2579 | D:3      | Found a large runed translucent door.
  2585 | D:3      | Found a shimmering altar of Xom.
  3011 | D:3      | Killed Crazy Yiuf
  3032 | D:3      | Learned a level 4 spell: Cause Fear
  3087 | D:4      | Found an ancient bone altar of Kikubaaqudgha.
  3087 | D:4      | Found a shimmering blue altar of Sif Muna.
  3092 | D:4      | Found a radiant altar of Vehumet.
  3097 | D:4      | Got Kikubaaqudgha's Folio of Sinister Magic
  3131 | D:4      | Noticed Duvessa
  3131 | D:4      | Noticed Dowan
  3135 | D:4      | Killed Duvessa
  3136 | D:4      | Reached skill level 6 in Stealth
  3289 | D:4      | Killed Dowan
  3332 | D:4      | Reached XP level 7. HP: 31/35 MP: 11/14
  3520 | D:4      | Reached skill level 5 in Hexes
  4179 | D:4      | Reached skill level 5 in Dodging
  4209 | D:4      | Noticed Menkaure
  4784 | D:4      | Killed Menkaure
  4785 | D:4      | Reached skill level 7 in Stealth
  4785 | D:4      | Reached XP level 8. HP: 19/39 MP: 13/16
  4917 | D:5      | Entered Level 5 of the Dungeon
  5077 | D:5      | Reached skill level 5 in Spellcasting
  5200 | D:5      | Killed from afar by an orc priest

Illustrated notes

Levels and vault maps discovered:
D:1:      sevenhm_arrival_forest_fort_small_3, layout_rooms,
          hellmonk_ecumenical_altar_arch_garden
D:2:      layout_loops_ring, basic_altar, serial_shops,
          nicolae_shop_competitors_out_of_business, minmay_domino_2
D:3:      due_chaos_kobolds, layout_basic, minmay_tree_intersection,
          item_on_display_a, uniq_crazy_yiuf_cottage, uniq_sigmund
D:4:      layout_loops_corners, grunt_temple_overflow_magic_moments,
          nicolae_nh_ransacked_shop, uniq_menkaure, uniq_duvessa
D:5:      layout_loops_ring, nicolae_qazlal_beasts_of_the_sky, serial_demonic,
          serial_demonic_g, serial_demonic_c, serial_demonic_g,
          serial_demonic_e, serial_demonic_c, serial_demonic_e

Skill      XL: |  1  2  3  4  5  6  7  8 |
---------------+-------------------------+-----
Evocations     | 1 2 3 4 |  4.4
Dodging        | 3 4 5 |  5.5
Spellcasting   | 3 4 5 |  5.0
Fighting       | 1 2 3 |  3.0
Hexes          | 4 5 |  5.6
Short Blades   | 2 3 4 |  4.1
Stealth        | 5 6 7 |  7.2

Action                     |  1- 3 |  4- 6 |  7- 9 || total
---------------------------+-------+-------+-------++-------
  Melee: Dagger            |    98 |    73 |    69 ||   240
         Punch             |     1 |     1 |     1 ||     3
         Rapier            |       |       |    44 ||    44
   Cast: Ensorcelled Hiber |    20 |    26 |    31 ||    77
         Confusing Touch   |       |       |     2 ||     2
    Use: Scroll            |    11 |     1 |     1 ||    13
         Potion            |       |     1 |       ||     1
   Stab: Sleeping          |    16 |    26 |    21 ||    63
 Armour: Robe              |    22 |    15 |    44 ||    81
  Dodge: Dodged            |    64 |    42 |   117 ||   223
